 Dungeon Crawl Stone Soup version 0.30-a0-439-g9e77e4d916 (webtiles) character file.

Game seed: 12168639495518874513

28 Shayle the Conjurer (level 3, 28/28 HPs)
             Began as a Demonspawn Reaver on Dec 11, 2022.
             Quit the game on level 1 of the Dungeon.
             The game lasted 00:01:57 (613 turns).

Shayle the Conjurer (Demonspawn Reaver)              Turns: 613, Time: 00:01:58

Health: 28/28      AC:  5    Str: 12    XL:     3   Next: 0%
Magic:  6/6        EV: 11    Int: 16    God:
Gold:   0          SH:  0    Dex: 11    Spells: 5/6 levels left

rFire   . . .      SeeInvis .    e - +0 whip (venom)
rCold   . . .      Faith    .    (no shield)
rNeg    . . .      Spirit   .    b - +0 leather armour
rPois   .          Reflect  .    (no helmet)
rElec   .          Harm     .    (no cloak)
rCorr   .          Rampage  .    (no gloves)
Will    .....                    (no boots)
Stlth   +.........               h - amulet of regeneration
HPRegen 1.04/turn                (no ring)
MPRegen 0.10/turn                (no ring)

@: no status effects
A: claws 1, slimy green scales 1
a: no special abilities


You were on level 1 of the Dungeon.
You visited 1 branch of the dungeon, and saw 1 of its levels.

Inventory:

Hand Weapons
 a - a +0 hand axe
 e - a +0 whip of venom (weapon)
Armour
 b - a +0 leather armour (worn)
Jewellery
 h - an amulet of regeneration (around neck)
 j - a ring of flight
Scrolls
 c - 2 scrolls of enchant weapon {unknown}
 d - 2 scrolls of identify {unknown}
 f - a scroll of summoning {unknown}
 i - a scroll of brand weapon {unknown}
 l - a scroll of magic mapping {unknown}
Potions
 g - a potion of might {unknown}
 k - a potion of flight {unknown}
 m - a potion of lignification {unknown}


   Skills:
 + Level 2.5 Fighting
 - Level 2.6 Axes
 + Level 1.2 Armour
 - Level 1.7 Dodging
 + Level 1.3 Stealth
 - Level 2.0 Spellcasting
 - Level 3.0 Conjurations


You had 5 spell levels left.
You knew the following spells:

 Your Spells              Type           Power      Damage    Failure   Level
a - Kiss of Death         Conj/Necr      24%        2d7       14%         1

Your spell library contained the following spells:

 Spells                   Type           Power      Damage    Failure   Level
 Momentum Strike          Conj/Tloc      12%        3d8       22%         2
 Hailstorm                Conj/Ice       6%         3d4       38%         3


Dungeon Overview and Level Annotations

Branches:
Dungeon (1/15)

Altars:


Innate Abilities, Weirdness & Mutations

You have sharp fingernails.
You are partially covered in slimy green scales. (AC +2)


Message History

d - 2 scrolls labelled PEIM QORUEFAGH (gained 1)
You see here a +0 mace.
A goblin comes into view. It is wielding a +0 dagger.
The goblin shouts!
A goblin comes into view. It is wielding a +0 club.
You hit the goblin.
The goblin is poisoned.
The goblin is severely wounded.
The goblin hits you but does no damage.
You hit the goblin.
You kill the goblin!
The goblin hits you but does no damage.
Things that are here:
a +0 dagger; a goblin corpse You hit the goblin but do no damage.
The goblin is poisoned.
The goblin closely misses you.
You hit the goblin.
You kill the goblin!
Things that are here:
a +0 club; a goblin corpse
Things that are here:
a +0 club; a goblin corpse
Things that are here:
a +0 dagger; a goblin corpse You see here a +0 mace.
m - an orange potion A bat comes into view.
Found a scroll labelled OJYZEA HIPI.
Found a stone staircase leading down.
The bat hits you. The bat hits you. The bat hits you but does no damage.
You hit the bat.
The bat is poisoned.
The bat is heavily wounded.
You kill the bat!
You have reached level 3!
Your experience leads to an increase in your attributes!
Increase (S)trength, (I)ntelligence, or (D)exterity?
You feel clever. x2; Your demonic ancestry asserts itself...
Your fingernails lengthen.
Are you sure you want to abandon this character and quit the game? (Confirm with "yes".)

# ..# .## ....#
..? ....#
####.#### ....
#......†###..#
###..
#.....@.....#
≈≈≈.~.
#..........##
≈≈~~≈~ #
#..........##
≈≈~~≈~ ##
#.>.........##
≈≈~.≈ .#
#............###
##~≈~ .####...
...........#....#
#.~.~ ......#
#.#######.##.#.##
#~~~~ ####### #.
#.##.#.###.#.~~~
# #.
#...........~~~~


There were no monsters in sight!

Vanquished Creatures
  A gnoll (D:1)
  A bat (D:1)
  An endoplasm (D:1)
  3 goblins (D:1)
  2 hobgoblins (D:1)
  4 jackals (D:1)
  A ball python (D:1)
  A frilled lizard (D:1)
  2 kobolds (D:1)
  A rat (D:1)
17 creatures vanquished.

Vanquished Creatures (others)
  A demonic plant (D:1)
  A fungus (D:1)
  3 plants (D:1)
5 creatures vanquished.

Grand Total: 22 creatures vanquished

Notes
Turn   | Place    | Note
-------+----------+-------------------------------------------
     0 | D:1      | Shayle the Demonspawn Reaver began the quest for the Orb.
     0 | D:1      | Reached XP level 1. HP: 16/16 MP: 3/3
    27 | D:1      | Found a faded altar of an unknown god.
    43 | D:1      | Gained mutation: You are partially covered in slimy green
                  | scales. (AC +2) [demonic ancestry]
    43 | D:1      | Reached XP level 2. HP: 16/22 MP: 3/5
   201 | D:1      | Reached skill level 1 in Stealth
   220 | D:1      | Reached skill level 1 in Armour
   613 | D:1      | Gained mutation: You have sharp fingernails. [demonic
                  | ancestry]
   613 | D:1      | Reached XP level 3. HP: 28/28 MP: 6/6
   613 | D:1      | Quit the game

Illustrated notes

Levels and vault maps discovered:
D:1:      minmay_arrival_open_corners, layout_loops_cross, serial_rivers,
          chequers_serial_rivers_large_a, chequers_serial_rivers_micro_c,
          chequers_serial_rivers_marsh, chequers_serial_rivers_small_b,
          chequers_serial_rivers_room_b, shapermc_ecumenical_altar_gd,
          minmay_heptomino_o4

Skill      XL: |  1  2 |
---------------+-------+-----
Stealth        | 1 |  1.3
Armour         | 1 |  1.2
Fighting       | |  2.5
Axes           | |  2.6
Dodging        | |  1.7
Spellcasting   | |  2.0
Conjurations   | |  3.0

Action                   || total
-------------------------++-------
Melee: Hand axe          ||     6
       Whip              ||    57
 Cast: Kiss of Death     ||     1
 Stab: Sleeping          ||     1
Armor: Leather armour    ||    27
Dodge: Dodged            ||    44

Table legend: (Time is in decaauts)
 A = Elapsed time spent in this place.
 B = Non-inter-level travel time spent in this place.
 C = Inter-level travel time spent in this place.
 D = Time resting spent in this place.
 E = Time spent auto-exploring this place.
 F = Levels seen in this place.
 G = Mean time per level.
                   A        B        C        D        E       F      G
               +--------+--------+--------+--------+--------+-----+--------+
         Total |    619 |    619 |      0 |     92 |    351 |   1 |  619.0 |
       Dungeon |    619 |    619 |      0 |     92 |    351 |   1 |  619.0 |
               +--------+--------+--------+--------+--------+-----+--------+

Top non-repeatable levels by time:
     D:1: 619 daAuts
